 Dungeon Crawl Stone Soup version 0.26.0-16-gc1dbca0489 (webtiles) character file.

Game seed: 16125055238826800612

16 Gauvater the Firebug (level 2, -2/17 HPs)
             Began as an Octopode Fire Elementalist on Jan 20, 2021.
             Slain by a jackal (3 damage)
             ... on level 1 of the Dungeon.
             The game lasted 00:04:25 (631 turns).

Gauvater the Firebug (Octopode Fire Elementalist)    Turns: 631, Time: 00:04:26

Health: -2/17      AC:  1    Str:  7    XL:     2   Next: 58%
Magic:  1/5        EV: 13    Int: 17    God:
Gold:   24         SH:  0    Dex: 12    Spells: 4/5 levels left

rFire    . . .     SeeInvis .   e - +0 dagger
rCold    . . .     Faith    .   (no shield)
rNeg     . . .     Spirit   .   (helmet restricted)
rPois    .         Reflect  .   (no amulet)
rElec    .         Harm     .   (no ring)
rCorr    .         Rampage  .   (no ring)
Will     .....                  (no ring)
Stlth    +++.......             (no ring)
HPRegen  0.05/turn              (no ring)
MPRegen  0.09/turn              (no ring)
                                (no ring)
                                (no ring)

@: very slightly contaminated
A: almost no armour, stealthy swim, amphibious, 8 rings, constrict 8, camouflage
1, gelatinous body 1
a: no special abilities


You were on level 1 of the Dungeon.
You visited 1 branch of the dungeon, and saw 1 of its levels.

You collected 24 gold pieces.

Inventory:

Hand Weapons
 e - a +0 dagger (weapon)
Missiles
 d - 19 arrows
Armour
 c - a +0 kite shield
Scrolls
 a - a scroll of immolation {unknown}
 f - a scroll of random uselessness {unknown}
Potions
 b - a potion of ambrosia {unknown}


   Skills:
 + Level 2.1 Dodging
 + Level 3.1 Stealth
 + Level 2.2 Spellcasting
 + Level 1.3 Conjurations
 + Level 3.2 Fire Magic


You had 4 spell levels left.
You knew the following spells:

 Your Spells              Type           Power        Failure   Level
a - Foxfire               Conj/Fire      36%          8%          1

Your spell library contained the following spells:

 Spells                   Type           Power        Failure   Level
 Conjure Flame            Conj/Fire      9%           22%         3
 Inner Flame              Hex/Fire       7%           28%         3
 Sticky Flame             Conj/Fire      9%           58%         4
 Fireball                 Conj/Fire      4%           91%         5


Dungeon Overview and Level Annotations

Branches:
Dungeon (1/15)

Altars:


Innate Abilities, Weirdness & Mutations

You cannot wear most types of armour.
You are very stealthy in the water. (Stealth+)
You are amphibious.
You can wear up to eight rings at the same time.
You can use your tentacles to constrict eight enemies at once.
Your skin changes colour to match your surroundings (Stealth+).
Your rubbery body absorbs attacks. (AC +1, EV +1)


Message History

You constrict the jackal.
You kill the jackal!
The jackal completely misses you.
You hit the jackal but do no damage. You grab the jackal.
You constrict the jackal, but do no damage.
The jackal closely misses you.
You hit the jackal but do no damage. You constrict the jackal.
The jackal bites you.
* * * LOW HITPOINT WARNING * * *
The jackal bites you.
* * * LOW HITPOINT WARNING * * *
A jackal is nearby!
You release your grip on the jackal.
Casting: Foxfire (safe; 8% risk of failure)
Confirm with . or Enter, or press ? or * to list all spells.
You miscast Foxfire.
You are very lightly contaminated with residual magic.
Nothing appears to happen.
The jackal closely misses you. The jackal bites you.
You die...

### ##### ..# #...##### #.#
#.......# #.# #.......# #.#
#.†.....######
#.####.......#..).#
#.#..........#....#########
#.#.###......#....##......#######
#.#.#..#.#......@h'†....).......#
#.#.#..#.##.##....##.....†#####.#
.......#.##§##....##......#####.#
#.#.##.#.##.##....####.......##h#
..#....#.##..................##.#
..######.############........##h#
..... ..# #........##.# ..####
#.#.#'#####.# .[# #.#.#.# #†#


You could see a jackal.

Vanquished Creatures
  A dart slug (D:1)
  2 bats (D:1)
  2 giant cockroaches (D:1)
  2 goblins (D:1)
  3 jackals (D:1)
  2 kobolds (D:1)
12 creatures vanquished.

Vanquished Creatures (others)
  25 foxfires (D:1)
25 creatures vanquished.

Grand Total: 37 creatures vanquished

Notes
Turn   | Place    | Note
-------+----------+-------------------------------------------
     0 | D:1      | Gauvater the Octopode Fire Elementalist began the quest for
                  | the Orb.
     0 | D:1      | Reached XP level 1. HP: 11/11 MP: 3/3
   454 | D:1      | Reached XP level 2. HP: 14/17 MP: 0/5
   631 | D:1      | Slain by a jackal

Illustrated notes

Levels and vault maps discovered:
D:1:      nicolae_arrival_washed_ashore, layout_basic

Skill      XL: |  1  2 |
---------------+-------+-----
Stealth        | 3 |  3.1
Dodging        | |  2.1
Spellcasting   | |  2.2
Conjurations   | |  1.3
Fire Magic     | |  3.2

Action                   || total
-------------------------++-------
Melee: Unarmed           ||     9
       Constrict         ||     6
       Dagger            ||    12
       Tentacles         ||     2
 Cast: Foxfire           ||    14
Armor: Skin              ||     1
Dodge: Dodged            ||    26
